 Dungeon Crawl Stone Soup version 0.30.1-3-gfc49f6343a (webtiles) character file.

Game seed: 9650730788555380814

56 Arctor the Firebug (level 3, 0/26 HPs)
             Began as a Draconian Fire Elementalist on July 19, 2023.
             Slain by a river rat (8 damage)
             ... in a sewer.
             The game lasted 00:02:47 (2776 turns).

Arctor the Firebug (Draconian Fire Elementalist)    Turns: 2776, Time: 00:02:48

Health: 0/26       AC:  7    Str: 10    XL:     3   Next: 71%
Magic:  0/6        EV: 12    Int: 17    God:
Gold:   161        SH:  0    Dex: 11    Spells: 3/6 levels left

rFire   . . .        l - +1 dagger (holy)
rCold   . . .        (no shield)
rNeg    . . .        (body armour unavailable)
rPois   .            e - +2 hat
rElec   .            p - scarf {repulsion}
rCorr   .            (no gloves)
SInv    .            (no boots)
Will    .....        (no amulet)
Stlth   ++           (no ring)
HPRegen 0.24/turn    (no ring)
MPRegen 0.10/turn

%: repel missiles
@: no status effects
A: AC +5, unfitting armour, cold-blooded
a: no special abilities


You were in a sewer.
You visited 1 branch of the dungeon, and saw 3 of its levels.
You also visited: Sewer.

You collected 161 gold pieces.

Inventory:

Hand Weapons
 l - a +1 dagger of holy wrath (weapon)
Armour
 e - a +2 hat (worn)
 p - a scarf of repulsion (worn)
Jewellery
 f - a ring of fire
Wands
 o - a wand of mindburst (9)
 r - a wand of light (8)
 s - a wand of flame (21)
Scrolls
 b - a scroll of fear {unknown}
 d - 4 scrolls of teleportation {unknown}
 i - a scroll of torment {unknown}
 j - 6 scrolls of identify {unknown}
 k - 3 scrolls of poison {unknown}
 m - 2 scrolls of fog {unknown}
 n - a scroll of blinking {unknown}
Potions
 a - a potion of magic
 c - a potion of might {unknown}
 g - 2 potions of brilliance {unknown}
 h - a potion of curing {unknown}
 q - a potion of haste {unknown}
 t - a potion of lignification {unknown}


   Skills:
 + Level 2.2 Dodging
 + Level 2.3 Stealth
 + Level 2.4 Spellcasting
 + Level 1.8 Conjurations
 + Level 3.3 Fire Magic


You had 3 spell levels left.
You knew the following spells:

 Your Spells              Type           Power      Damage    Failure   Level
a - Foxfire               Conj/Fire      40%        2x1d6     6%          1
b - Scorch                Fire           26%        2d6       7%          2

Your spell library contained the following spells:

 Spells                   Type           Power      Damage    Failure   Level
 Inner Flame              Hex/Fire       7%         N/A       28%         3
 Volatile Blastmotes      Fire/Tloc      14%        2d11      28%         3
 Call Canine Familiar     Summ           2%         N/A       50%         3
 Portal Projectile        Hex/Tloc       4%         N/A       50%         3
 Flame Wave               Conj/Fire      10%        2d6       54%         4
 Leda's Liquefaction      Hex/Erth       1%         N/A       88%         4


Dungeon Overview and Level Annotations

Branches:
Dungeon (3/15)              Sewer (1/1)

Altars:
Elyvilon
Trog

Shops:
D:3 ?


Innate Abilities, Weirdness & Mutations

Your plain brown scales are hard. (AC +5)
You cannot fit into any form of body armour.
You are cold-blooded and may be slowed by cold attacks.


Message History

Confirm with . or Enter, or press ? or * to list all spells.
You conjure some foxfire!
The foxfire hits the river rat.
The river rat is heavily wounded.
The foxfire hits the river rat but does no damage.
The river rat is heavily wounded.
Unknown command.
Casting: Foxfire (safe; 6% risk of failure)
Confirm with . or Enter, or press ? or * to list all spells.
You conjure some foxfire!
The river rat bites you but does no damage.
The foxfire hits the river rat.
The river rat is almost dead.
The foxfire hits the river rat but does no damage.
The river rat is almost dead.
The river rat bites you.
Unknown command.
Casting: Foxfire (safe; 6% risk of failure)
Confirm with . or Enter, or press ? or * to list all spells.
You conjure some foxfire!
The river rat closely misses you.
Unknown command.
The foxfire hits the river rat but does no damage.
The river rat is almost dead.
The foxfire hits the river rat but does no damage.
The river rat is almost dead.
The river rat bites you!
Unknown command.
The river rat bites you.
Casting: Foxfire (safe; 6% risk of failure)
Confirm with . or Enter, or press ? or * to list all spells.
You don't have enough magic to cast this spell.
Unknown command.
You hit the river rat but do no damage.
You tail-slap the river rat, but do no damage.
The river rat is almost dead.
The river rat bites you but does no damage.
You barely miss the river rat.
The river rat is almost dead.
The river rat bites you!
You die...

######################~
...~~~~~~~~~.~.@r......
..~.~~~..~.~..~.~.~~~~.
#######.###############
#.# #.# #~# #~# #~# #~#


You could see a river rat.

Vanquished Creatures
  An adder (Sewer)
  A worm (D:3)
  3 orcs (D:3)
  2 ball pythons (D:3)
  5 bats
  4 endoplasms
  3 giant cockroaches
  3 goblins
  A hobgoblin (D:2)
  5 kobolds
  2 quokkas
  4 frilled lizards
  6 rats
40 creatures vanquished.

Vanquished Creatures (others)
  131 foxfires
131 creatures vanquished.

Grand Total: 171 creatures vanquished

Notes
Turn   | Place    | Note
-------+----------+-------------------------------------------
     0 | D:1      | Arctor the Draconian Fire Elementalist began the quest for
                  | the Orb.
     0 | D:1      | Reached XP level 1. HP: 14/14 MP: 3/3
   589 | D:1      | Reached XP level 2. HP: 20/20 MP: 0/5
   658 | D:1      | Learned a level 2 spell: Scorch
  1895 | D:2      | Reached XP level 3. HP: 26/26 MP: 4/6
  2225 | D:3      | Found a bloodstained altar of Trog.
  2318 | D:3      | Found Ixtum's Magic Scroll Boutique.
  2507 | D:3      | Found a glowing drain.
  2548 | D:3      | Found a white marble altar of Elyvilon.
  2581 | Sewer    | Entered a sewer
  2776 | Sewer    | Slain by a river rat

Illustrated notes

Levels and vault maps discovered:
D:1:      ncdulo_wetmaze, layout_basic
D:2:      layout_rooms, serial_corexii_hall, corexii_hall_statues_l,
          corexii_hall_statues_t
D:3:      layout_loops_cross, bloody_trog, mainiacjoe_overflow_24_doors,
          serial_shops, shop, portal_sewer_entry_c
Sewer:    sewer_co_cracked_pipes

Skill      XL: |  1  2 |
---------------+-------+-----
Stealth        | 2 |  2.3
Dodging        | 2 |  2.2
Spellcasting   | |  2.4
Conjurations   | |  1.8
Fire Magic     | |  3.3

Action                     || total
---------------------------++-------
  Melee: Unarmed           ||    33
         Tailslap          ||     4
         Punch             ||     1
         Dagger            ||     6
   Cast: Foxfire           ||    87
         Scorch            ||     3
 Armour: Skin              ||    34
  Dodge: Dodged            ||    52
